 Dungeon Crawl Stone Soup version 0.22-a0-109-gbeb7240 (console) character file.

107 toffzen the Stinger (level 4, -7/36 HPs)
             Began as a Naga Venom Mage on Jan 26, 2018.
             Mangled by an iguana (13 damage)
             ... on level 4 of the Dungeon.
             The game lasted 00:07:37 (3787 turns).

toffzen the Stinger (Naga Venom Mage)               Turns: 3787, Time: 00:07:38

Health: -7/36      AC:  3    Str: 11    XL:     4   Next: 85%
Magic:  0/8        EV: 10    Int: 16    God:
Gold:   150        SH:  0    Dex: 11    Spells: 7/8 levels left

rFire    . . .     SeeInvis +   k - +2 dagger (venom)
rCold    . . .     Gourm    .   (no shield)
rNeg     . . .     Faith    .   a - +0 robe
rPois    +         Spirit   .   y - +0 helmet
rElec    .         Reflect  .   (no cloak)
rCorr    .         Harm     .   (no gloves)
MR       .....                  (no barding)
Stlth    +++.......             (no amulet)
HPRegen  0.12/turn              (no ring)
MPRegen  0.11/turn              (no ring)

@: very slow
A: large, see invisible, deformed body, poison resistance, slowness 2, slow
metabolism 1, spit poison 1, AC +1
a: Spit Poison


You were on level 4 of the Dungeon.
You were hungry.

You visited 1 branch of the dungeon, and saw 4 of its levels.

You collected 150 gold pieces.

Inventory:

Hand Weapons
 f - a +0 dagger
 k - a +2 dagger of venom (weapon)
 o - a +2 vampiric dagger
Missiles
 e - 137 stones (quivered)
 m - 3 needles of sleeping
Armour
 a - a +0 robe (worn)
 y - a +0 helmet (worn)
Jewellery
 q - an uncursed amulet of harm {unknown}
 t - a +3 ring of evasion {unknown}
 A - an uncursed ring of protection from fire {unknown}
Scrolls
 d - 9 scrolls of identify {unknown}
 g - a scroll of magic mapping {unknown}
 j - 3 scrolls of enchant armour {unknown}
 p - a scroll of remove curse {unknown}
 s - a scroll of amnesia {unknown}
 u - a scroll of enchant weapon {unknown}
 z - 2 scrolls of fog {unknown}
Potions
 h - a potion of flight {unknown}
 i - a potion of mutation {unknown}
 l - a potion of brilliance {unknown}
 n - a potion of agility {unknown}
 r - a potion of heal wounds {unknown}
 w - 2 potions of curing {unknown}
 x - a potion of might {unknown}
Books
 b - a Young Poisoner's Handbook

   Spells                             Type                      Level
   a - Sting                          Conjuration/Poison           1
   b - Poisonous Vapours              Poison/Air                   2
   c - Mephitic Cloud                 Conjuration/Poison/Air       3
   d - Olgreb's Toxic Radiance        Poison                       4
   e - Venom Bolt                     Conjuration/Poison           5
Comestibles
 c - 5 rations
 v - 3 chunks of flesh


   Skills:
 - Level 1.5 Dodging
 + Level 4.5 Stealth
 + Level 2.7 Spellcasting
 + Level 2.3 Conjurations
 + Level 5.0 Poison Magic


You had 7 spell levels left.
You knew the following spells:

 Your Spells              Type           Power        Failure   Level  Hunger
a - Sting                 Conj/Pois      ##..         4%          1    #......


Dungeon Overview and Level Annotations

Branches:
Dungeon (4/15)
 Temple: D:4-7

Altars:
Nemelex Xobeh
Qazlal
Zin
The Shining One


Innate Abilities, Weirdness & Mutations

You cannot wear boots.
Your serpentine skin is tough. (AC +1)
You have supernaturally acute eyesight. (SInv)
Armour fits poorly on your strangely shaped body.
Your system is resistant to poisons. (rPois)
You cover ground very slowly.
You have a slow metabolism.
You can spit poison.


Message History

Aim: an iguana The sting hits the iguana.
The iguana appears unharmed.
The iguana closely misses you.
Casting: Sting (safe; 4% risk of failure)
Confirm with . or Enter, or press ? or * to list all spells.
Aiming: Sting (safe; 4% risk of failure)
Press: ? - help, Shift-Dir - straight line, f/p - iguana
Aim: an iguana The sting misses the iguana.
The iguana bites you!
* * * LOW HITPOINT WARNING * * *
Casting: Sting (safe; 4% risk of failure)
Confirm with . or Enter, or press ? or * to list all spells.
Aiming: Sting (safe; 4% risk of failure)
Press: ? - help, Shift-Dir - straight line, f/p - iguana
Aim: an iguana The sting hits the iguana.
The iguana appears unharmed.
You have got your breath back.
You are feeling hungry.
The iguana bites you!
You die...

###### #.....
#..... #....#
#....# #....#
#..l.# #...@#
#....##
#.....#
#....##
#....#
#....#####
#........####
#....##..##.#
#+#####.....#


You could see an iguana.

Vanquished Creatures
  An iguana (D:4)
  A gnoll (D:1)
  2 worms (D:2)
  3 leopard geckos
  2 orcs (D:3)
  A ball python (D:4)
  9 bats
  4 giant cockroaches
  13 goblins
  5 hobgoblins
  9 kobolds
  2 frilled lizards
  4 rats (D:1)
56 creatures vanquished.

Notes
Turn   | Place    | Note
-------+----------+-------------------------------------------
     0 | D:1      | toffzen the Naga Venom Mage began the quest for the Orb.
     0 | D:1      | Reached XP level 1. HP: 15/15 MP: 3/3
   430 | D:1      | Reached XP level 2. HP: 21/22 MP: 0/5
   850 | D:1      | Reached XP level 3. HP: 28/28 MP: 1/6
  1775 | D:2      | Found a glowing silver altar of Zin.
  2540 | D:2      | Found a glowing golden altar of the Shining One.
  2729 | D:3      | Reached XP level 4. HP: 36/36 MP: 7/7
  2883 | D:3      | Found a sparkling altar of Nemelex Xobeh.
  2893 | D:3      | Found a stormy altar of Qazlal.
  3782 | D:4      | Reached skill level 5 in Poison Magic
  3787 | D:4      | Mangled by an iguana

Vault maps used:
D:1:      dpeg_arrival_boxorama, roderic_st_hans_cross, serial_bayou_lagoon_a
D:2:      nicolae_overflow_hidden_temple, lemuel_coloured_pillars_altar,
          hangedman_decor_push, nicolae_tso_swordbearing_angel
D:3:      nemelex_xobeh_ov_fountains_minmay, grunt_qazlal_clouds
D:4:      gammafunk_temple_overflow_pools, first_ration, kennysheep_small_circle

Skill      XL: |  1  2  3  4 |
---------------+-------------+-----
Stealth        | 4 |  4.5
Conjurations   | 2 |  2.3
Poison Magic   | 5 |  5.0
Dodging        | |  1.5
Spellcasting   | |  2.7

Action                   |  1- 3 |  4- 6 || total
-------------------------+-------+-------++-------
Melee: Dagger            |     8 |     6 ||    14
 Cast: Sting             |    52 |    26 ||    78
 Abil: Spit Poison       |    24 |    15 ||    39
 Stab: Sleeping          |       |     1 ||     1
  Eat: Chunk             |     5 |     1 ||     6
       Ration            |     1 |       ||     1
Armor: Robe              |    12 |     3 ||    15
Dodge: Dodged            |     9 |    10 ||    19

Table legend:
 A = Spawn XP
 B = Non-spawn XP
 C = Spawn XP percentage of total XP
 D = Spawn monster count
 E = Non-spawn monster count
 F = Spawn count percentage of total count
 G = Total turns spent on level
                    A         B        C        D         E        F      G
               +---------+---------+-------+---------+---------+-------+---------
         Total |       0 |     153 |   0.0 |       0 |      56 |   0.0 |  3787
               +---------+---------+-------+---------+---------+-------+---------
           D:1 |       0 |      61 |   0.0 |       0 |      28 |   0.0 |  1724
           D:2 |       0 |      19 |   0.0 |       0 |       8 |   0.0 |   986
           D:3 |       0 |      35 |   0.0 |       0 |      18 |   0.0 |  1032
           D:4 |       0 |      38 |   0.0 |       0 |       2 |   0.0 |    45
               +---------+---------+-------+---------+---------+-------+---------
